 Dungeon Crawl Stone Soup version 0.30.0-29-ga12c61a403 (webtiles) character file.

Game seed: 14896519316685691268

12614 cdecastro the Grappler (level 11, -3/102 HPs)
             Began as a Troll Fighter on June 3, 2023.
             Was an Elder of Nemelex Xobeh.
             Hit by a silver javelin thrown by a minotaur (5 damage)
             ... in a Gauntlet.
             The game lasted 00:25:08 (9232 turns).

cdecastro the Grappler (Troll Fighter)              Turns: 9232, Time: 00:25:09

Health: -3/102     AC:  7    Str: 28    XL:     11   Next: 64%
Magic:  17/17      EV: 15    Int:  4    God:    Nemelex Xobeh [****..]
Gold:   419        SH:  9    Dex: 11    Spells: 10/10 levels left

rFire   . .          .
                       - Unarmed
rCold   . . .        b - +0 kite shield
rNeg    + . .        v - +0 troll leather armour
rPois   .            (helmet restricted)
rElec   .            K - +0 cloak
rCorr   .            (gloves unavailable)
SInv    .            (boots unavailable)
Will    .....        (no amulet)
Stlth   +            H - ring of positive energy
HPRegen 1.97/turn    L - +5 ring of evasion
MPRegen 0.15/turn

%: no teleportation
@: no status effects
A: large, unfitting armour, claws 3, regeneration 1, shaggy fur 1, tough skin 1
a: Renounce Religion, Draw Escape, Draw Destruction, Draw Summoning, Triple
Draw, Deal Four


You were in a Gauntlet.
You worshipped Nemelex Xobeh.
Nemelex Xobeh was greatly pleased with you.
You visited 2 branches of the dungeon, and saw 12 of its levels.
You also visited: Sewer, Ossuary and Gauntlet.

You collected 704 gold pieces.
You spent 285 gold pieces at shops.

Inventory:

Missiles
 t - 7 boomerangs (quivered)
 C - 40 poisoned darts
 P - a throwing net
Armour
 b - a +0 kite shield (worn)
 v - a +0 troll leather armour (worn)
 K - a +0 cloak (worn)
Magical Staves
 a - a staff of air
Jewellery
 G - a ring of see invisible
 H - a ring of positive energy (left claw)
 L - a +5 ring of evasion (right claw)
 S - an amulet of the acrobat
Wands
 h - a wand of polymorph (7)
 u - a wand of flame (58)
 w - a wand of quicksilver (7)
 D - a wand of roots (9)
 R - a wand of mindburst (16)
Scrolls
 e - 9 scrolls of teleportation
 g - 2 scrolls of noise {unknown}
 j - 5 scrolls of fear {unknown}
 m - 6 scrolls of magic mapping {unknown}
 n - 14 scrolls of identify
 p - 4 scrolls of blinking
 s - a scroll of poison {unknown}
 x - 2 scrolls of fog
 y - 2 scrolls of immolation
 F - a scroll of enchant weapon {unknown}
 J - a scroll of torment {unknown}
 M - a scroll of amnesia {unknown}
 N - a scroll of enchant armour {unknown}
 O - a scroll of acquirement {unknown}
Potions
 c - 3 potions of brilliance {unknown}
 d - 3 potions of flight {unknown}
 f - 6 potions of degeneration {unknown}
 i - 2 potions of ambrosia {unknown}
 k - 5 potions of attraction {unknown}
 l - 4 potions of cancellation {unknown}
 o - 6 potions of heal wounds {unknown}
 q - a potion of haste {unknown}
 r - 5 potions of curing {unknown}
 z - a potion of lignification {unknown}
 A - a potion of magic {unknown}
 B - a potion of might
 E - 5 potions of resistance
 I - 3 potions of mutation {unknown}
 Q - a potion of berserk rage {unknown}


   Skills:
 - Level 5.0 Fighting
 + Level 4.8 Dodging
 - Level 5.0 Shields
 - Level 13.0 Unarmed Combat
 - Level 10.0 Invocations


You had 10 spell levels left.
You didn't know any spells.
Your spell library contained the following spells:

 Spells                   Type           Power      Damage    Failure   Level
 Necrotise                Necr           0%         1d4       77%         1
 Sandblast                Erth           0%         2d4       77%         1
 Cigotuvi's Dreadful Rot  Necr/Pois/Air  0%         N/A       88%         2
 Passwall                 Tmut/Erth      0%         N/A       88%         2
 Static Discharge         Conj/Air       0%         2-2/arc   88%         2
 Dazzling Flash           Conj/Hex       0%         N/A       98%         3
 Ignite Poison            Fire/Tmut/Pois 0%         N/A       98%         3
 Stone Arrow              Conj/Erth      0%         3d7       98%         3
 Vampiric Draining        Necr           0%         2d6       98%         3
 Vhi's Electric Charge    Tloc/Air       0%         N/A       98%         3
 Volatile Blastmotes      Fire/Tloc      0%         2d10      98%         3
 Airstrike                Air            0%         2d(0-16)  100%        4
 Animate Armour           Summ/Erth      0%         N/A       100%        4
 Iskenderun's Mystic Bla  Conj/Tloc      0%         2d3       100%        4
 Summon Lightning Spire   Summ/Air       0%         N/A       100%        4
 Agony                    Necr           0%         N/A       100%        5
 Arcjolt                  Conj/Air       0%         1d10      100%        5
 Blade Hands              Tmut           0%         N/A       100%        5
 Freezing Cloud           Conj/Ice/Air   0%         6-21      100%        5
 Irradiate                Conj/Tmut      0%         3d11      100%        5
 Silence                  Hex/Air        0%         N/A       100%        5
 Plasma Beam              Fire/Air       0%         2x1d11    100%        6
 Starburst                Conj/Fire      0%         6d3       100%        6
 Dragon Form              Tmut           0%         N/A       100%        7
 Lehudib's Crystal Spear  Conj/Erth      0%         10d2      100%        8


Dungeon Overview and Level Annotations

Branches:
Dungeon (11/15)            Temple (1/1) D:7            Lair (0/5) D:10
    Orc (0/2) D:10          Sewer (visited)         Ossuary (visited)
Gauntlet (1/1)

Altars:
Ashenzari
Cheibriados
Dithmenos
Elyvilon
Fedhas
Gozag
Hepliaklqana
Kikubaaqudgha
Makhleb
Nemelex Xobeh
Okawaru
Qazlal
Ru
Sif Muna
Trog
Uskayaw
Vehumet
Wu Jian
Xom
Yredelemnul
Zin
The Shining One

Shops:
D:1 **[*   D:5 ?

Annotations:
Gauntlet 8 transporters, 4 runed translucent doors, exclusion: obsidian statue


Innate Abilities, Weirdness & Mutations

You are too large for most types of armour.
You have claws for hands.
Your natural rate of healing is unusually fast.
You are covered in fur. (AC +1)
You have tough skin. (AC +1)


Message History

Cdecastro's illusion hits the minotaur but does no damage.
You swap places.
Your killer bee barely misses the minotaur.
Your killer bee stings the minotaur but does no damage.
The minotaur hits you with a +4 flail of protection!!
* * * LOW HITPOINT WARNING * * *
The minotaur gores you but does no damage.
Your killer bee stings the minotaur but does no damage.
Cdecastro's illusion hits the minotaur but does no damage.
Your killer bee closely misses the minotaur.
You swap places.
Your killer bee stings the minotaur but does no damage. x2
The minotaur throws a silver javelin.
The silver javelin pierces through your killer bee!!!
Your killer bee dies!
Your killer bee's corpse disappears in a puff of smoke!
The silver javelin pierces through you!!
* * * LOW HITPOINT WARNING * * *
x2 Your killer bee stings the minotaur but does no damage.
Cdecastro's illusion hits the minotaur!!
Your killer bee stings the minotaur but does no damage.
Your killer bee closely misses the minotaur.
The minotaur hits your killer bee with a +4 flail of protection!
The minotaur closely misses your killer bee.
Your killer bee closely misses the minotaur.
The minotaur furiously retaliates!
The minotaur headbutts your killer bee!
Your killer bee dies!
Your killer bee's corpse disappears in a puff of smoke!
Cdecastro's illusion hits the minotaur but does no damage.
Your killer bee stings the minotaur but does no damage.
Unknown command.
Unknown command.
Unknown command.
Your killer bee stings the minotaur but does no damage. x2
The minotaur throws a silver javelin.
The silver javelin barely misses your killer bee.
The silver javelin pierces through you!
* * * LOW HITPOINT WARNING * * *
You die...
Your body glows with a rainbow of weird colours and disappears.

#########.#########
#.............#
#.#######.###.#
#.........#
#########.#
#.##@.⌠##.#
#.yHy∩.#..#
##y#y.⌠#.##
#@#####.# #.......#
#########


You could see a minotaur (ally target), 2 friendly killer bees and the friendly
cdecastro's illusion (summoned).

Vanquished Creatures
  A dire elephant (Gauntlet)
  A two-headed ogre (D:9)
  2 elephants (Gauntlet)
  A kobold demonologist (D:10)
  2 hornets
  4 flying skulls (Gauntlet)
  A vampire (D:9)
  A wyvern (D:8)
  A shadow (D:9)
  24 yaks
  A steam dragon (D:7)
  2 acid dragons
  3 wargs (D:10)
  A swamp drake (D:5)
  3 orc warriors
  4 ice beasts
  3 black bears
  2 sky beasts
  4 centaurs
  A phantom (D:6)
  3 kobold brigands
  6 bullfrogs
  3 elf zombies
  A gnoll sergeant (D:9)
  4 scorpions
  9 wights
  3 killer bees (D:7)
  3 howler monkeys
  3 centaur zombies (Ossuary)
  2 human zombies
  2 jellies
  2 hounds
  A human skeleton (D:6)
  5 iguanas
  3 orc priests
  Jessica (D:2)
  3 gnoll boudas
  Ijyb (D:3)
  Terence (D:2)
  2 sleepcaps
  8 orc wizards
  2 mummies (Ossuary)
  Robin (D:2)
  20 gnolls
  A river rat (D:6)
  6 adders
  2 shadow imps
  4 ufetubi
  2 adder zombies (Ossuary)
  4 dart slugs
  26 orcs
  18 ball pythons
  15 endoplasms
  14 giant cockroaches
  15 goblins
  12 hobgoblins
  5 jackals (D:1)
  16 quokkas
  5 bats
  14 frilled lizards
  3 goblin zombies (Ossuary)
  12 hobgoblin zombies (Ossuary)
  20 kobolds
  6 kobold zombies (Ossuary)
  11 orc zombies
  9 rats
371 creatures vanquished.

Notes
Turn   | Place    | Note
-------+----------+-------------------------------------------
     0 | D:1      | cdecastro the Troll Fighter began the quest for the Orb.
     0 | D:1      | Reached XP level 1. HP: 22/22 MP: 0/0
    68 | D:1      | Reached XP level 2. HP: 29/29 MP: 1/1
    91 | D:1      | Found Jychodd's Assorted Antiques.
    99 | D:1      | Reached skill level 3 in Unarmed Combat
   111 | D:1      | Bought a fizzy silvery potion for 19 gold pieces
   113 | D:1      | Found Dauf's General Store.
   160 | D:1      | Reached XP level 3. HP: 31/36 MP: 2/2
   323 | D:1      | Found Nickekh's General Store.
   497 | D:1      | Found Kinuafo's Antique Armour Shoppe.
   690 | D:2      | Noticed Jessica
   789 | D:2      | Killed Jessica
   790 | D:2      | Reached skill level 4 in Unarmed Combat
   790 | D:2      | Reached XP level 4. HP: 44/44 MP: 3/3
   964 | D:2      | Found a faded altar of an unknown god.
  1088 | D:2      | Noticed Terence
  1096 | D:2      | Killed Terence
  1097 | D:2      | Reached skill level 5 in Unarmed Combat
  1315 | D:2      | Noticed Robin
  1366 | D:2      | Killed Robin
  1391 | D:2      | Found a sparkling altar of Nemelex Xobeh.
  1402 | D:2      | Reached XP level 5. HP: 49/50 MP: 4/4
  1405 | D:2      | Became a worshipper of Nemelex Xobeh the Trickster
  1863 | D:3      | Noticed Ijyb
  1874 | D:3      | Killed Ijyb
  1875 | D:3      | Reached skill level 6 in Unarmed Combat
  2204 | D:4      | Noticed a black bear
  2213 | D:4      | Killed a black bear
  2214 | D:4      | Reached XP level 6. HP: 50/59 MP: 5/5
  2380 | D:4      | Reached * piety under Nemelex Xobeh
  2675 | D:4      | Received a gift from Nemelex Xobeh
  3130 | D:5      | Entered Level 5 of the Dungeon
  3151 | D:5      | Reached skill level 7 in Unarmed Combat
  3210 | D:5      | Noticed Edmund
  3211 | D:5      | Edmund changed into Edmund the swamp drake
  3211 | D:5      | Noticed Edmund
  3247 | D:5      | Killed Edmund the swamp drake
  3248 | D:5      | Reached skill level 8 in Unarmed Combat
  3248 | D:5      | Reached XP level 7. HP: 50/66 MP: 6/6
  3492 | D:5      | Found Zuph's Magic Scroll Emporium.
  3512 | D:5      | Reached skill level 9 in Unarmed Combat
  3548 | D:5      | Bought a scroll of teleportation for 39 gold pieces
  3548 | D:5      | Bought a scroll of identify for 26 gold pieces
  3548 | D:5      | Bought a scroll of fog for 52 gold pieces
  3548 | D:5      | Bought a scroll of blinking for 97 gold pieces
  3548 | D:5      | Bought a scroll of immolation for 52 gold pieces
  3881 | D:5      | Received a gift from Nemelex Xobeh
  3927 | D:6      | Reached XP level 8. HP: 60/74 MP: 7/7
  3945 | D:6      | Found a glowing drain.
  3967 | Sewer    | Entered a sewer
  3994 | Sewer    | Reached ** piety under Nemelex Xobeh
  4171 | Sewer    | Reached skill level 10 in Unarmed Combat
  4212 | Sewer    | Received a gift from Nemelex Xobeh
  4224 | Sewer    | Reached skill level 1 in Invocations
  4348 | D:6      | Found a stormy altar of Qazlal.
  4451 | D:6      | Reached skill level 5 in Invocations
  4471 | D:6      | Found a sand-covered staircase.
  4487 | Ossuary  | Entered an ossuary
  4686 | Ossuary  | Reached XP level 9. HP: 80/80 MP: 11/11
  4853 | D:6      | Reached skill level 11 in Unarmed Combat
  5416 | D:6      | Reached skill level 12 in Unarmed Combat
  5642 | D:7      | Found an iron altar of Okawaru.
  5643 | D:7      | Reached *** piety under Nemelex Xobeh
  5733 | D:7      | Received a gift from Nemelex Xobeh
  5792 | D:7      | Reached skill level 5 in Shields
  5973 | D:7      | Found a staircase to the Ecumenical Temple.
  5987 | Temple   | Entered the Ecumenical Temple
  6256 | D:7      | Reached XP level 10. HP: 75/88 MP: 13/13
  6590 | D:8      | Found a snail-covered altar of Cheibriados.
  6817 | D:8      | Found a shimmering altar of Xom.
  7118 | D:9      | Received a gift from Nemelex Xobeh
  7132 | D:9      | Noticed a two-headed ogre
  7136 | D:9      | Killed a two-headed ogre
  7137 | D:9      | Reached skill level 10 in Invocations
  7345 | D:9      | Noticed a two-headed ogre
  7360 | D:9      | Noticed a green ugly thing
  7371 | D:10     | Entered Level 10 of the Dungeon
  7532 | D:10     | Reached XP level 11. HP: 98/98 MP: 17/17
  7577 | D:9      | Reached **** piety under Nemelex Xobeh
  7868 | D:9      | Reached skill level 5 in Fighting
  8147 | D:10     | Found a staircase to the Lair.
  8667 | D:10     | Found a staircase to the Orcish Mines.
  8768 | D:11     | Found a gate leading to a gauntlet.
  8787 | Gauntlet | Entered a Gauntlet
  8787 | Gauntlet | Received a gift from Nemelex Xobeh
  8787 | Gauntlet | Found a transporter.
  8789 | Gauntlet | Noticed a sixfirhy
  8797 | Gauntlet | Found a transporter.
  8802 | Gauntlet | Found a runed translucent door.
  8804 | Gauntlet | Found a runed translucent door.
  8807 | Gauntlet | Found a transporter.
  8810 | Gauntlet | Found a transporter.
  8828 | Gauntlet | Found a transporter.
  8835 | Gauntlet | Found a transporter.
  8845 | Gauntlet | Noticed a dire elephant
  8846 | Gauntlet | Found a transporter.
  8858 | Gauntlet | Found a transporter.
  8858 | Gauntlet | Noticed a wizard
  8858 | Gauntlet | Noticed a wizard
  8859 | Gauntlet | Found a runed translucent door.
  8866 | Gauntlet | Found a runed translucent door.
  8872 | Gauntlet | Found a transporter.
  8887 | Gauntlet | Found a transporter.
  8887 | Gauntlet | Found a transporter.
  8929 | Gauntlet | Found a transporter.
  8946 | Gauntlet | Found a transporter.
  8947 | Gauntlet | Noticed an obsidian statue
  8956 | Gauntlet | Found a transporter.
  9081 | Gauntlet | Reached skill level 13 in Unarmed Combat
  9158 | Gauntlet | Killed a dire elephant
  9209 | Gauntlet | Received a gift from Nemelex Xobeh
  9225 | Gauntlet | Noticed a minotaur
  9232 | Gauntlet | HP: 2/102 [minotaur/silver javelin (17)]
  9232 | Gauntlet | Hit by a silver javelin thrown by a minotaur

Illustrated notes

Levels and vault maps discovered:
D:1:      dpeg_arrival_subterranean_lakeside_camping, layout_basic,
          serial_shops, shop, shop_fountains, shop, shop
D:2:      layout_loops_ring, shapermc_ecumenical_altar_venn, basic_altar,
          chequers_serial_rivers_micro_a, uniq_jessica, uniq_terence, uniq_robin
D:3:      layout_rooms, uniq_ijyb
D:4:      layout_gridville, patterned_corridor
D:5:      layout_loops_ring, serial_bayou_pond_c, kennysheep_windowed_goal,
          uniq_edmund
D:6:      layout_basic, nicolae_qazlal_eye_of_the_storm,
          nicolae_ossuary_entry_catacombs, portal_sewer_entry_a,
          minmay_fractal_squares_5
D:7:      layout_basic, mainiacjoe_overflow_alcove_1, lemuel_temple_firewalk_b,
          chequers_serial_rivers_small_b, st_stairs_6
D:8:      layout_rooms, nicolae_overflow_hidden_temple
D:9:      wander_river, layout_basic, hangedman_minor_gate_pass
D:10:     layout_basic, erik_lair_orcish_takeover, orc_0_dummy
D:11:     layout_cave_pods, gauntlet_entry_generic
Temple:   mainiacjoe_temple_coin_purse
Gauntlet: minmay_gauntlet_77_tree [minmay_gauntlet_arena_77_box,
          minmay_gauntlet_arena_77_chump_sandwich,
          minmay_gauntlet_arena_77_cramped, minmay_gauntlet_arena_77_shame_cube,
          minmay_gauntlet_arena_77_block_sizes, minmay_gauntlet_arena_77_mirror,
          minmay_gauntlet_arena_77_radiant_squares,
          dreamdust_gauntlet_exit_labyrinth]

Skill      XL: |  1  2  3  4  5  6  7  8  9 10 11 |
---------------+----------------------------------+-----
Unarmed Combat | 3 4 5 6 8 9 10 12 13 | 13.0
Invocations    | 5 6 10 | 10.0
Shields        | 5 |  5.0
Fighting       | 3 5 |  5.0
Dodging        | 4 |  4.8

Action                     |  1- 3 |  4- 6 |  7- 9 | 10-12 || total
---------------------------+-------+-------+-------+-------++-------
  Melee: Unarmed           |    93 |   156 |   428 |   327 ||  1004
 Invoke: Draw Destruction  |       |     1 |       |     4 ||     5
         Draw Summoning    |       |       |       |     3 ||     3
         Deal Four         |       |       |       |     1 ||     1
    Use: Potion            |       |       |     1 |     1 ||     2
   Stab: Sleeping          |       |     2 |     1 |       ||     3
 Armour: Robe              |    35 |    31 |       |       ||    66
         Troll leather arm |       |    12 |   127 |    63 ||   202
  Dodge: Dodged            |    34 |    55 |   119 |   124 ||   332
  Block: Kite shield       |    26 |    40 |   132 |   132 ||   330
